AoeStats
← mountain98

Arabian Desert

508944898Analyzed
1v1 RM · 7d ago on Sep 24, 2026· 50m 48s· 2 players
Game mode
Random Map
Map size
Tiny (2 player)
Population
200
Speed
Normal
Resources
Standard
Victory
Conquest
Starting age
Dark Age
Ending age
Imperial Age
RankedLock teamsTeams togetherTeam positionsShared explorationLock speedFull tech treeHidden civsTurbo modeCheats
Victory
Defeat
🇲🇽 Vietnamese · Mexico
901
+45
🇳🇱 Varangians · Netherlands
903
-16
GatoMiope
10:39 Feudal Age
10:59 Horse Collar
11:06 Double-Bit Axe
13:39 Gold Mining
15:01 Fletching
16:08 Padded Archer Armor
19:15 Wheelbarrow
25:39 Castle Age
23:48 Scale Mail Armor
24:40 Forging
24:47 Stone Mining
26:16 Bodkin Arrow
27:13 Leather Archer Armor
28:17 Squires
27:37 Pikeman
29:26 Thumb Ring
28:43 Crossbowman
30:19 Elite Skirmisher
32:38 Bow Saw
39:12 Ballistics
43:03 Imperial Age
43:26 Elite Rattan Archer
44:56 Imperial Skirmisher
46:03 Bracer
46:33 Ring Archer Armor
mountain98
11:04 Feudal Age
9:50 Loom
16:47 Castle Age
19:45 Double-Bit Axe
20:22 Horse Collar
21:23 Gambesons
21:42 Elite Skirmisher
28:30 Bloodlines
29:37 Fletching
30:39 Bodkin Arrow
33:09 Padded Archer Armor
37:04 Heavy Plow
37:18 Bow Saw
38:02 Forging
39:33 Stone Mining
40:21 Scale Barding Armor
43:27 Chain Barding Armor
43:23 Leather Archer Armor
49:39 Iron Casting
Connection lost

Rejoining the realm…

Still unreachable

The connection could not be restored.

Session expired

The server has moved on; the page needs a fresh start.